 Dungeon Crawl Stone Soup version 0.30-a0-40-gc6d0f036a7 (webtiles) character file.

Game seed: 1505436061385742625

4192 Pooter the Cleaver (level 10, -29/86 HPs)
             Began as a Minotaur Fighter on Aug 30, 2022.
             Was an Initiate of Hepliaklqana.
             Annihilated by an orc warlord
             ... wielding a +5 broad axe
              (38 damage)
             ... in a bailey.
             The game lasted 00:43:10 (8363 turns).

Pooter the Cleaver (Minotaur Fighter)               Turns: 8363, Time: 00:43:11

Health: -29/86     AC: 14    Str: 26    XL:     10   Next: 8%
Magic:  9/9        EV:  8    Int:  5    God:    Hepliaklqana [......]
Gold:   460        SH:  4    Dex:  9    Spells: 9/9 levels left

rFire   + . .      SeeInvis .    s - +0 broad axe
rCold   + . .      Faith    .    c - +0 buckler
rNeg    . . .      Spirit   .    r - +2 chain mail
rPois   .          Reflect  .    (helmet restricted)
rElec   .          Harm     .    w - scarf {rC+ rF+}
rCorr   .          Rampage  .    (no gloves)
Will    .....                    h - +2 pair of boots
Stlth   ..........               e - amulet of regeneration
HPRegen 1.04/turn                (no ring)
MPRegen 0.11/turn                (no ring)

@: no status effects
A: horns 2, retaliatory headbutt
a: Renounce Religion


You were in a bailey.
You worshipped Hepliaklqana.
Hepliaklqana was noncommittal.
You visited 2 branches of the dungeon, and saw 9 of its levels.
You also visited: Bailey.

You collected 460 gold pieces.

Inventory:

Hand Weapons
 a - a +1 war axe
 b - a +0 sling
   (You took it off a goblin on level 2 of the Dungeon)
 i - a +3 flail of freezing
   (You took it off a wight on level 7 of the Dungeon)
 s - a +0 broad axe (weapon)
   (You took it off an orc warrior in a bailey)
 y - a +0 trident
   (You took it off an orc on level 4 of the Dungeon)
 C - a +1 morningstar
   (You took it off a wight on level 7 of the Dungeon)
Missiles
 d - 2 curare-tipped darts
 n - 12 javelins
 x - 17 boomerangs (quivered)
 A - a throwing net {!f}
 E - 4 poisoned darts
 Q - 60 stones
Armour
 c - a +0 buckler (worn)
 h - a +2 pair of boots (worn)
   (You found it on level 4 of the Dungeon)
 r - a +2 chain mail (worn)
   (You found it on level 2 of the Dungeon)
 w - a scarf of resistance (worn)
   (You found it on level 3 of the Dungeon)
Jewellery
 e - an amulet of regeneration (around neck)
   (You found it on level 5 of the Dungeon)
 m - a ring of magical power
   (You found it on level 6 of the Dungeon)
 z - a ring of ice
   (You found it on level 6 of the Dungeon)
Wands
 D - a wand of digging (1)
   (You found it on level 6 of the Dungeon)
Scrolls
 k - 4 scrolls of butterflies
 l - 2 scrolls of fear
 p - 2 scrolls of vulnerability {!r}
 H - a scroll of summoning
Potions
 f - a potion of magic {unknown}
 g - 3 potions of curing {@q1}
 j - 5 potions of attraction {!q}
 o - 2 potions of haste {unknown}
 q - a potion of invisibility {unknown}
 t - 2 potions of brilliance {unknown}
 v - 2 potions of cancellation
 B - a potion of mutation {unknown}
 G - a potion of heal wounds {unknown}
 I - a potion of experience {unknown}


   Skills:
 + Level 7.5 Fighting
 * Level 9.5 Axes
 * Level 7.9 Ranged Weapons
 + Level 5.1 Throwing
 - Level 3.6 Armour
 + Level 4.7 Stealth
 - Level 3.6 Shields
 + Level 3.0 Evocations


You had 9 spell levels left.
You didn't know any spells.
Your spell library contained the following spells:

 Spells                   Type           Power      Damage    Failure   Level
 Magic Dart               Conj           0%         1d3       99%         1
 Sandblast                Erth           0%         2d4       99%         1
 Slow                     Hex            0%         N/A       99%         1
 Sting                    Tmut/Pois      0%         1d3       99%         1
 Passwall                 Tmut/Erth      0%         N/A       100%        2
 Poisonous Vapours        Pois/Air       0%         N/A       100%        2
 Searing Ray              Conj           0%         2d4       100%        2
 Confusing Touch          Hex            0%         N/A       100%        3
 Portal Projectile        Hex/Tloc       0%         N/A       100%        3
 Stone Arrow              Conj/Erth      0%         3d7       100%        3
 Tukima's Dance           Hex            0%         N/A       100%        3
 Vampiric Draining        Necr           0%         2d6       100%        3
 Fulminant Prism          Conj/Hex       0%         3d6       100%        4
 Olgreb's Toxic Radiance  Pois           0%         N/A       100%        4
 Blade Hands              Tmut           0%         N/A       100%        5


Dungeon Overview and Level Annotations

Branches:
Dungeon (8/15)             Temple (1/1) D:7          Bailey (1/1)
   Lair: D:8-11

Altars:
Ashenzari
Cheibriados
Dithmenos
Elyvilon
Fedhas
Gozag
Hepliaklqana
Kikubaaqudgha
Makhleb
Nemelex Xobeh
Okawaru
Qazlal
Ru
Sif Muna
Trog
Uskayaw
Vehumet
Xom
Yredelemnul
Zin
The Shining One

Annotations:
D:3 1 runed translucent door, Crazy Yiuf


Innate Abilities, Weirdness & Mutations

You have a pair of horns on your head.
You reflexively headbutt those who attack you in melee.


Message History

t - 2 lumpy yellow potions (gained 1)
I - a fizzy purple potion You now have 460 gold pieces (gained 19).
You open the door.
Found a gate leading back out of this place.
There is an open door here.
You open the door.
There is an open door here.
You enter the shallow water.
Moving in this stuff is going to be slow.
You enter the shallow water.
Moving in this stuff is going to be slow.
There is an open door here.
You open the gate.
There is an open translucent gate here.
You enter the shallow water.
Moving in this stuff is going to be slow.
Aim: an orc warlord, wielding a +5 broad axe and wearing a +0 plate armour (chance to affect: 23%)
The orc warlord resists with almost no effort.
Aim: an orc warlord, wielding a +5 broad axe and wearing a +0 plate armour (chance to affect: 23%)
The orc warlord resists with almost no effort.
Aim: an orc warlord, wielding a +5 broad axe and wearing a +0 plate armour (chance to affect: 23%)
The orc warlord resists with almost no effort.
The orc warlord hits you with a +5 broad axe.
Aim: an orc warlord, wielding a +5 broad axe and wearing a +0 plate armour (chance to affect: 23%)
The orc warlord resists with almost no effort.
The orc warlord barely misses you.
You barely miss the orc warlord.
The orc warlord hits you with a +5 broad axe!!
You hit the orc warlord. Your headbutt misses the orc warlord.
The orc warlord hits you with a +5 broad axe!
* * * LOW HITPOINT WARNING * * *
Aim: an orc warlord, wielding a +5 broad axe and wearing a +0 plate armour (chance to affect: 23%)
The orc warlord resists with almost no effort.
The orc warlord hits you with a +5 broad axe!!
* * * LOW HITPOINT WARNING * * *
Aim: an orc warlord, wielding a +5 broad axe and wearing a +0 plate armour (chance to affect: 23%)
The orc warlord resists with almost no effort.
The orc warlord hits you but does no damage.
Aim: an orc warlord, wielding a +5 broad axe and wearing a +0 plate armour (chance to affect: 23%)
The orc warlord resists with almost no effort.
The now-empty wand crumbles to dust.
The orc warlord hits you with a +5 broad axe!
* * * LOW HITPOINT WARNING * * *
Okay, then.
Okay, then.
As you read the scroll labelled LELALUGG GONGE, it crumbles to dust.
You feel aware of your surroundings.
It was a scroll of magic mapping.
The orc warlord hits you with a +5 broad axe!!!
You die...

##..8..8...#~~~~~#.........
#..........#~~~)~#)........
#..........'...)))...)8..8.
#...8......#########†......
##......####~~~#~~~##......
##.....#~~#~.....)~#†....#
##....#~........!~#....##
#...##~8.8...8.8##..).#.
#...'~~@........#.....[.
#...'~~.o..∩....#.....'.
#...'~~.........#.....'.
#...##~8.8...8.8##...)#.
##....#~........?~#....##
##.)...#~~#~.....)~#.....#
##......####~~~#~~~##†.....
#...8).....#########.......
#..........'.....'....8..8.


You could see an orc warlord.

Vanquished Creatures
  A troll (D:6)
  Prince Ribbit (D:5)
  Sigmund (D:3)
  3 steam dragons (D:7)
  2 water moccasins
  5 orc warriors (Bailey)
  2 ice beasts (D:6)
  A black bear (D:7)
  2 ogres
  A centaur (D:7)
  A kobold brigand (D:6)
  2 phantoms
  2 necrophages
  2 gnoll sergeants
  2 bullfrogs
  A scorpion (D:5)
  5 wights (D:7)
  5 killer bees (D:7)
  A howler monkey (D:4)
  A jelly (D:6)
  2 hounds
  A gnoll bouda (D:4)
  An orc priest (D:4)
  Jessica (D:3)
  4 orc wizards
  Ijyb (D:5)
  2 iguanas (D:5)
  8 adders
  25 gnolls
  A shadow imp (D:5)
  2 white imps
  An ufetubus (D:5)
  3 worms
  A dart slug (D:5)
  26 orcs
  6 ball pythons
  6 endoplasms
  3 giant cockroaches
  9 hobgoblins
  12 jackals (D:4)
  16 kobolds
  4 quokkas
  7 bats
  4 frilled lizards (D:1)
  14 goblins
  A goblin zombie (D:5)
  A quokka zombie (D:5)
  6 rats
209 creatures vanquished.

Vanquished Creatures (collateral kills)
  A gnoll (D:4)
  2 orcs (D:4)
3 creatures vanquished.

Vanquished Creatures (others)
  2 bushes (D:5)
  13 plants (D:5)
15 creatures vanquished.

Grand Total: 227 creatures vanquished

Notes
Turn   | Place    | Note
-------+----------+-------------------------------------------
     0 | D:1      | Pooter the Minotaur Fighter began the quest for the Orb.
     0 | D:1      | Reached XP level 1. HP: 19/19 MP: 0/0
   184 | D:1      | Reached skill level 3 in Axes
   184 | D:1      | Reached XP level 2. HP: 27/27 MP: 1/1
   248 | D:1      | Found a faded altar of an unknown god.
   814 | D:2      | Reached XP level 3. HP: 33/33 MP: 2/2
   829 | D:2      | Reached skill level 1 in Stealth
  1894 | D:3      | Reached XP level 4. HP: 39/40 MP: 3/3
  1905 | D:3      | Reached skill level 1 in Throwing
  1912 | D:3      | Reached skill level 1 in Ranged Weapons
  1912 | D:3      | Noticed Jessica
  1914 | D:3      | Reached skill level 4 in Axes
  1923 | D:3      | Killed Jessica
  2045 | D:3      | Noticed Sigmund
  2055 | D:3      | Killed Sigmund
  2056 | D:3      | Reached XP level 5. HP: 44/47 MP: 4/4
  2056 | D:3      | Reached XP level 6. HP: 50/53 MP: 5/5
  2279 | D:3      | Found a runed translucent door.
  2280 | D:3      | Noticed Crazy Yiuf
  2510 | D:3      | Found a radiant altar of Vehumet.
  2819 | D:4      | Reached skill level 5 in Axes
  3138 | D:4      | Found a glowing golden altar of the Shining One.
  3616 | D:4      | Reached skill level 5 in Fighting
  3984 | D:4      | Reached XP level 7. HP: 61/61 MP: 6/6
  4536 | D:4      | Reached skill level 6 in Axes
  4758 | D:5      | Entered Level 5 of the Dungeon
  4761 | D:5      | Noticed Prince Ribbit
  5030 | D:5      | Reached XP level 8. HP: 29/70 MP: 7/7
  5260 | D:5      | Killed Prince Ribbit
  5261 | D:5      | Reached skill level 7 in Axes
  5261 | D:5      | Reached skill level 5 in Ranged Weapons
  5498 | D:5      | Found a blossoming altar of Fedhas.
  5838 | D:5      | Noticed Ijyb
  5843 | D:5      | Paralysed by Ijyb for 3 turns
  5850 | D:5      | Paralysed by Ijyb for 3 turns
  5858 | D:5      | Killed Ijyb
  6195 | D:6      | Reached skill level 1 in Evocations
  6270 | D:6      | Noticed a troll
  6276 | D:6      | Killed a troll
  6277 | D:6      | Reached skill level 8 in Axes
  6277 | D:6      | Reached XP level 9. HP: 78/78 MP: 8/8
  7261 | D:7      | Found a staircase to the Ecumenical Temple.
  7270 | Temple   | Entered the Ecumenical Temple
  7440 | Temple   | Became a worshipper of Hepliaklqana the Forgotten
  7651 | D:7      | Found a shimmering altar of Xom.
  7656 | D:7      | Reached skill level 9 in Axes
  7749 | D:7      | Found a shadowy altar of Dithmenos.
  7970 | D:8      | Found a sparkling altar of Nemelex Xobeh.
  7970 | D:8      | Found an iron altar of Okawaru.
  7970 | D:8      | Found a white marble altar of Elyvilon.
  7970 | D:8      | Found a broken altar of Ashenzari.
  8046 | D:8      | Reached skill level 5 in Throwing
  8046 | D:8      | Found a flagged portal.
  8056 | Bailey   | Entered a bailey
  8062 | Bailey   | Noticed an orc warlord
  8092 | Bailey   | Found the +8 Vampire's Tooth {vamp}
  8148 | Bailey   | Reached XP level 10. HP: 52/86 MP: 9/9
  8280 | Bailey   | Found a runed translucent gate.
  8283 | Bailey   | Found a runed translucent gate.
  8285 | Bailey   | Found a runed translucent gate.
  8363 | Bailey   | Annihilated by an orc warlord

Illustrated notes

Levels and vault maps discovered:
D:1:      heliophobic_arrival_enchanted_forest, layout_loops_ring,
          chequers_ecumenical_altar_simple_redux, skrybe_limestone_x,
          roderic_roman_lattice, minmay_tetromino_s2
D:2:      layout_basic
D:3:      layout_loops_ring, mainiacjoe_overflow_boulevard, uniq_sigmund,
          uniq_jessica, uniq_crazy_yiuf_cottage
D:4:      lemuel_castle_with_subvaults [lemuel_castle_interior_carwin_1],
          layout_basic, tso_metal_star
D:5:      layout_basic, fedhas_altar_decomposition, enter_ossuary_4, uniq_ijyb,
          uniq_prince_ribbit1
D:6:      layout_cave_pods
D:7:      layout_basic, mainiacjoe_overflow_paths,
          mainiacjoe_overflow_six_doors_small, lemuel_temple_firewalk_a
D:8:      minmay_evil_eye, layout_gridville, grunt_temple_overflow_open,
          lair_entry_dummy, enter_bailey_3, nicolae_shop_clearance
Temple:   hellmonk_temple_forest_ring
Bailey:   bailey_axe_bossmonster_kennysheep, bailey

Skill      XL: |  1  2  3  4  5  6  7  8  9 |
---------------+----------------------------+-----
Axes           | 3 4 5 6 8 9 |  9.5
Fighting       | 4 5 6 7 |  7.5
Stealth        | 1 2 3 4 |  4.7
Throwing       | 1 2 3 4 5 |  5.1
Ranged Weapons | 2 3 4 6 7 |  7.9
Evocations     | 1 3 |  3.0
Armour         | |  3.6
Shields        | |  3.6

Action                   |  1- 3 |  4- 6 |  7- 9 | 10-12 || total
-------------------------+-------+-------+-------+-------++-------
Melee: War axe           |    71 |    76 |   313 |    11 ||   471
       Headbutt          |    12 |    11 |    43 |     4 ||    70
       Broad axe         |       |       |       |     7 ||     7
 Fire: Sling             |    33 |   147 |    66 |       ||   246
Throw: Javelin           |     2 |       |     5 |       ||     7
       Boomerang         |       |     1 |    26 |     1 ||    28
       Dart              |       |       |     5 |       ||     5
Evoke: Wand              |       |       |       |     8 ||     8
  Use: Scroll            |     1 |     6 |    11 |     1 ||    19
       Potion            |       |       |     3 |       ||     3
 Stab: Paralysed         |       |       |       |     1 ||     1
Armor: Scale mail        |    28 |       |       |       ||    28
       Chain mail        |     8 |    68 |   207 |     5 ||   288
Dodge: Dodged            |    32 |    37 |   117 |     1 ||   187
Block: Buckler           |    20 |    21 |    62 |     1 ||   104

Table legend: (Time is in decaauts)
 A = Elapsed time spent in this place.
 B = Non-inter-level travel time spent in this place.
 C = Inter-level travel time spent in this place.
 D = Time resting spent in this place.
 E = Time spent auto-exploring this place.
 F = Levels seen in this place.
 G = Mean time per level.
                   A        B        C        D        E       F      G
               +--------+--------+--------+--------+--------+-----+--------+
         Total |   8604 |   8251 |    353 |   1446 |   4834 |  10 |  860.4 |
       Dungeon |   8105 |   7779 |    326 |   1370 |   4660 |   8 | 1013.1 |
        Temple |    178 |    151 |     27 |      0 |    139 |   1 |  178.0 |
        Bailey |    319 |    319 |      0 |     76 |     35 |   1 |  319.0 |
               +--------+--------+--------+--------+--------+-----+--------+

Top non-repeatable levels by time:
     D:4: 2217 daAuts
     D:5: 1132 daAuts
     D:2: 1071 daAuts
     D:3: 981 daAuts
     D:7: 964 daAuts
     D:6: 867 daAuts
     D:1: 784 daAuts
  Bailey: 319 daAuts
  Temple: 178 daAuts
     D:8: 87 daAuts
